 Dungeon Crawl Stone Soup version 0.26-a0-363-gf1efd62 (webtiles) character file.

Game seed: 1402899260927096626

13 Anno the Shooter (level 2, -6/16 HPs)
             Began as a Deep Elf Hunter on July 19, 2020.
             Mangled by a gnoll
             ... wielding a cursed +0 halberd
              (7 damage)
             ... on level 1 of the Dungeon.
             The game lasted 00:00:49 (334 turns).

Anno the Shooter (Deep Elf Hunter)                   Turns: 334, Time: 00:00:50

Health: -6/16      AC:  3    Str:  9    XL:     2   Next: 24%
Magic:  4/4        EV: 12    Int: 15    God:
Gold:   27         SH:  0    Dex: 15    Spells: 1/1 levels left

rFire    . . .     SeeInvis .   a - +1 shortbow
rCold    . . .     Faith    .   (shield currently unavailable)
rNeg     . . .     Spirit   .   c - +0 leather armour
rPois    .         Reflect  .   (no helmet)
rElec    .         Harm     .   (no cloak)
rCorr    .                      (no gloves)
MR       .....                  (no boots)
Stlth    ++........             (no amulet)
HPRegen  0.05/turn              (no ring)
MPRegen  0.09/turn              (no ring)

@: no status effects
A: no striking features
a: no special abilities


You were on level 1 of the Dungeon.
You visited 1 branch of the dungeon, and saw 1 of its levels.

You collected 27 gold pieces.

Inventory:

Hand Weapons
 a - a +1 shortbow (weapon)
 b - a +0 short sword
Missiles
 d - 13 arrows (quivered)
Armour
 c - a +0 leather armour (worn)
Scrolls
 f - a scroll of identify {unknown}
Potions
 g - a potion of ambrosia {unknown}
 h - a potion of might {unknown}


   Skills:
 - Level 1.5 Fighting
 + Level 6.1 Bows
 - Level 2.4 Dodging
 - Level 1.2 Stealth


You had one spell level left.
You didn't know any spells.
Your spell library was empty.

Dungeon Overview and Level Annotations

Branches:
Dungeon (1/15)

Altars:


Message History

Firing (i - inventory)
d - 15 arrows (quivered)
Press: ? - help, Shift-Dir - straight line, f/p - gnoll
Aim: a gnoll, wielding a +0 halberd (moderately wounded)
You shoot an arrow. The arrow hits the gnoll.
The gnoll is moderately wounded.
The gnoll hits you from afar with a cursed +0 halberd!
Ouch! That really hurt!
* * * LOW HITPOINT WARNING * * *
Firing (i - inventory)
d - 14 arrows (quivered)
Press: ? - help, Shift-Dir - straight line, f/p - gnoll
Aim: a gnoll, wielding a +0 halberd (moderately wounded)
You shoot an arrow. The arrow completely misses the gnoll.
The gnoll hits you from afar with a cursed +0 halberd.
* * * LOW HITPOINT WARNING * * *
It was a potion of cancellation.
You feel magically purged. The gnoll barely misses you.
Okay, then.
Unknown command.
The gnoll hits you from afar with a cursed +0 halberd!
You die...

####........(##
..............#
.####.#.#.>#.#.# ##
#.#........# ###
#.###..#.#.# (.
##...#.....# .#
#####.....#.# ##b#
#........#..######.#
#.......###..@.g.(##
####........#..######.#
..†.........(#.# #.#
###.........##.# ##
.##..(......##.#
..#............#
.....##.###.####
.....##.# #.# ......#.#
#.#


You could see a gnoll.

Vanquished Creatures
  2 giant cockroaches (D:1)
  2 goblins (D:1)
  A hobgoblin (D:1)
  4 bats (D:1)
  A kobold (D:1)
  2 rats (D:1)
12 creatures vanquished.

Notes
Turn   | Place    | Note
-------+----------+-------------------------------------------
     0 | D:1      | Anno the Deep Elf Hunter began the quest for the Orb.
     0 | D:1      | Reached XP level 1. HP: 12/12 MP: 3/3
    79 | D:1      | Reached XP level 2. HP: 16/16 MP: 4/4
    85 | D:1      | Reached skill level 6 in Bows
   334 | D:1      | Mangled by a gnoll

Illustrated notes

Levels and vault maps discovered:
D:1:      kennysheep_arrival_forest, layout_loops_ring, grunt_decor_arrowhead

Skill      XL: |  1  2 |
---------------+-------+-----
Bows           | 6 |  6.1
Fighting       | |  1.5
Dodging        | |  2.4
Stealth        | |  1.2

Action                   || total
-------------------------++-------
Melee: Short sword       ||     4
 Fire: Shortbow          ||    32
  Use: Potion            ||     1
Armor: Leather armour    ||     4
Dodge: Dodged            ||     8

Table legend:
 A = Non-vault XP
 B = Vault XP
 C = Vault XP percentage of total XP
 D = Non-vault monster count
 E = Vault monster count
 F = Vault count percentage of total count
                 A         B        C        D         E       F
            +---------+---------+-------+---------+---------+-------
      Total |      19 |       0 |   0.0 |      12 |       0 |   0.0
            +---------+---------+-------+---------+---------+-------
        D:1 |      19 |       0 |   0.0 |      12 |       0 |   0.0
            +---------+---------+-------+---------+---------+-------
